AoeStats
← jucca187

African Clearing

504540861Analyzed
2v2 RM · 28d ago on Sep 5, 2026· 51m 46s· 4 players
Game mode
Random Map
Map size
Medium (4 player)
Population
200
Speed
Normal
Resources
Standard
Victory
Conquest
Starting age
Dark Age
Ending age
Imperial Age
RankedLock teamsTeams togetherTeam positionsShared explorationLock speedFull tech treeHidden civsTurbo modeCheats
Victory
Defeat
🇦🇹 Vietnamese · Austria
934
+16
🇦🇹 Huns · Austria
868
+18
🇫🇮 Koreans · Finland
943
-18
🇦🇷 Sicilians · Argentina
906
-16
Sahnehäubchen
9:08 Loom
12:45 Feudal Age
14:57 Wheelbarrow
17:03 Castle Age
15:31 Double-Bit Axe
26:00 Squires
26:36 Town Watch
27:07 Horse Collar
27:58 Gold Mining
28:55 Bow Saw
29:04 Heavy Plow
29:20 Fletching
30:13 Padded Archer Armor
30:08 Bodkin Arrow
30:18 Padded Archer Armor
31:08 Ballistics
34:27 Imperial Age
32:39 Scale Mail Armor
32:58 Hand Cart
33:13 Forging
33:13 Murder Holes
34:21 Thumb Ring
36:32 Crop Rotation
36:24 Bracer
37:28 Chemistry
37:28 Chain Mail Armor
37:48 Iron Casting
37:07 Elite Rattan Archer
40:19 Leather Archer Armor
40:34 Plate Mail Armor
41:41 Ring Archer Armor
41:42 Plate Mail Armor
43:57 Paper Money
45:14 Two-Man Saw
47:26 Siege Engineers
Butterblock
11:25 Loom
13:59 Feudal Age
18:28 Castle Age
16:34 Double-Bit Axe
20:24 Wheelbarrow
20:07 Bow Saw
19:40 Horse Collar
24:33 Hand Cart
27:57 Scale Barding Armor
28:43 Gold Mining
28:44 Stone Mining
31:40 Forging
35:24 Imperial Age
33:00 Husbandry
33:58 Bloodlines
35:28 Cavalier
38:59 Paladin
44:09 Iron Casting
45:21 Chain Barding Armor
46:02 Blast Furnace
47:41 Murder Holes
47:59 Masonry
48:50 Chemistry
49:32 Elite Tarkan
52:07 Plate Barding Armor
wanitaa
4:16 Loom
12:55 Feudal Age
17:53 Castle Age
21:35 Horse Collar
23:18 Wheelbarrow
25:05 Hand Cart
30:40 Imperial Age
28:33 Town Watch
29:14 Gold Mining
29:14 Stone Mining
29:25 Heavy Plow
29:19 Double-Bit Axe
30:19 Fletching
30:29 Padded Archer Armor
31:09 Bow Saw
31:38 Gold Shaft Mining
31:39 Stone Shaft Mining
30:42 Crossbowman
32:14 Crop Rotation
33:50 Town Patrol
33:47 Arbalester
35:17 Stone Shaft Mining
34:48 Padded Archer Armor
35:27 Pikeman
36:07 Squires
37:25 Halberdier
38:39 Ballistics
38:29 Bodkin Arrow
38:45 Forging
38:49 Elite Skirmisher
39:54 Bracer
42:15 Leather Archer Armor
43:06 Conscription
42:59 Hauberk
44:58 Chemistry
45:39 Elite Serjeant
jucca187
16:18 Feudal Age
14:36 Loom
16:47 Double-Bit Axe
16:45 Horse Collar
24:46 Castle Age
22:58 Stone Mining
23:42 Gold Mining
24:49 Pikeman
25:30 Squires
25:43 Bow Saw
31:12 Wheelbarrow
32:46 Forging
32:38 Scale Mail Armor
37:44 Imperial Age
36:39 Hand Cart
37:57 Halberdier
40:09 Conscription
46:57 Fletching
47:23 Chain Mail Armor
46:42 Elite Skirmisher
47:44 Thumb Ring
50:02 Ballistics
50:43 Chemistry
49:44 Bodkin Arrow
51:51 Bracer
Connection lost

Rejoining the realm…

Still unreachable

The connection could not be restored.

Session expired

The server has moved on; the page needs a fresh start.